 Dungeon Crawl Stone Soup version 0.19.4-9-g45fd643 (webtiles) character file.

70688 MirrMurr the Severer (level 14, -14/135 HPs)
             Began as a Minotaur Fighter on Feb 21, 2017.
             Was the Champion of Okawaru.
             Killed from afar by an ogre mage (33 damage)
             ... with a bolt of lightning
             ... on level 13 of the Dungeon.
             The game lasted 01:03:44 (21469 turns).

MirrMurr the Severer (Minotaur Fighter)            Turns: 21469, Time: 01:03:45

Health: -14/135    AC: 23    Str: 25    XL:     14   Next: 95%
Magic:  19/19      EV: 13    Int:  8    God:    Okawaru [******]
Gold:   1388       SH:  4    Dex: 18    Spells: 0 memorised, 13 levels left

rFire  x . .     SeeInvis +     a - +10 battleaxe of the Philosopher {chop, Int+3 Dex+7}
rCold  + . .     Gourm    .     G - +0 plate armour
rNeg   . . .     Faith    .     (shield currently unavailable)
rPois  .         Spirit   .     (helmet restricted)
rElec  .         Reflect  +     C - +1 cloak
rCorr  .         Harm     .     D - +1 pair of gloves
MR     +....                    y - +0 pair of boots
Stlth  ..........               m - +4 amulet of reflection
                                O - ring of ice
                                z - ring of see invisible

@: no status effects
A: retaliatory headbutt, horns 2
a: Heroism, Finesse, Renounce Religion


You were on level 13 of the Dungeon.
You worshipped Okawaru.
Okawaru was exalted by your worship.
You were not hungry.

You visited 3 branches of the dungeon, and saw 20 of its levels.
You also visited: Labyrinth, Ossuary and Volcano.

You collected 1563 gold pieces.
You spent 175 gold pieces at shops.

Inventory:

Hand Weapons
 a - the +10 battleaxe of the Philosopher (weapon) {chop, Int+3 Dex+7}
   (Okawaru gifted it to you on level 5 of the Lair of Beasts)

   It inflicts extra damage upon your enemies.
   It affects your intelligence (+3).
   It affects your dexterity (+7).
 b - the +8 Wrath of Trog {antimagic, *Rage}
   (You found it in a labyrinth)

   It reduces the magical energy of the wielder, and disrupts the spells and
   magical abilities of those hit.
   Natural abilities and divine invocations are not affected.
   It may make you go berserk in combat.
 w - a +0 blowgun
Missiles
 g - 67 poisoned needles
 l - 8 javelins (quivered)
 F - 4 curare-tipped needles
Armour
 y - a +0 pair of boots (worn)
 C - a +1 cloak (worn)
 D - a +1 pair of gloves (worn)
 G - a +0 plate armour (worn)
Jewellery
 m - a +4 amulet of reflection (around neck)
 z - a ring of see invisible (left hand)
 E - an uncursed ring of positive energy
 K - an uncursed ring of flight
 O - a ring of ice (right hand)
Wands
 d - a wand of digging (12/24)
 x - a wand of digging (22/24)
 N - a wand of teleportation (3/9)
 P - a wand of acid (0/15)
 Q - a wand of digging (12/24)
Scrolls
 c - a scroll of blinking
 e - a scroll of magic mapping
 i - 3 scrolls of identify
 v - 6 scrolls of fog
 A - 8 scrolls of teleportation
 B - a scroll of enchant weapon
 L - a scroll of remove curse
 U - a scroll of fear
 Y - a scroll of recharging
Potions
 k - 2 potions of cancellation
 n - 9 potions of curing
 o - 3 potions of agility
 p - a potion of heal wounds
 r - 3 potions of flight
 t - a potion of ambrosia {ossuary}
 H - 9 potions of brilliance
 M - a potion of might
 S - a potion of invisibility
 T - a potion of haste
 Z - a potion of resistance
Miscellaneous
 h - a phantom mirror
 q - a fan of gales
 s - a lamp of fire (inert)
 R - a disc of storms
Comestibles
 f - 13 bread rations
 j - 11 beef jerkies
 u - 7 chunks of flesh
 I - 7 meat rations
 J - 7 slices of pizza
 V - 14 fruits


   Skills:
 + Level 15.0 Fighting
 + Level 18.8 Axes
 + Level 13.7 Armour
 + Level 8.0 Dodging
   Level 3.6 Shields
 * Level 9.0 Evocations


You had 13 spell levels left.
You didn't know any spells.

Dungeon Overview and Level Annotations

Branches:
Dungeon (13/15)            Temple (1/1) D:6            Lair (6/6) D:10
  Swamp (0/4) Lair:2        Snake (0/4) Lair:4        Slime (0/5) Lair:5
    Orc (0/2) D:11
 Vaults: D:13-14

Altars:
Cheibriados
Dithmenos
Elyvilon
Gozag
Hepliaklqana
Kikubaaqudgha
Makhleb
Nemelex Xobeh
Okawaru
Ru
Trog
Vehumet
Yredelemnul
Zin

Shops:
D:7 !   D:8 :

Annotations:
D:13 exclusion: ice statue
Lair:5 exclusion: oklob plant


Innate Abilities, Weirdness & Mutations

You reflexively headbutt those who attack you in melee.
You have a pair of horns on your head.


Message History

You slash the necrophage!
You destroy the necrophage!
Okawaru accepts your kill.
You slice the orc!!
You kill the orc!
Your plate armour prevents you from hitting the orc knight.
You block the orc knight's attack.
You closely miss the orc knight. You headbutt the orc knight!!
The orc knight is moderately wounded.
You slice the orc knight!! You headbutt the orc knight.
The orc knight is heavily wounded.
The orc knight hits you with a battleaxe!!
* * * LOW HITPOINT WARNING * * *
An ogre mage comes into view. It is wielding a spear.
You hit the orc knight but do no damage.
You headbutt the orc knight, but do no damage.
The orc knight is heavily wounded.
The ogre mage points at you and mumbles some strange words.
The bolt of lightning hits you!
You die...

≈.≈≈......#
###...........
.≈≈≈≈.....#
#..............
≈.≈≈......#
................
...≈≈....>#
................
≈.≈.......# ###
#..#######......
≈.≈≈......# .. #..#
#...### ≈≈........##
(##..# #...#
≈.........##. #)#..#
#...#
≈≈≈.......##..##@#).#.##.
#...# ≈≈≈≈......#
#..(o).....# #...#
..≈.......######)#..#.###
...≈≈.........()).......
≈.≈≈≈.......(..).........
.≈≈≈≈......#####.#..#.###
≈≈≈≈.......# O........
.≈≈.⌠......# #.#..#.##.
########.### #.#..#.#


You could see an orc knight and an ogre mage.

Vanquished Creatures
  Snorg (D:10)
  A minotaur (Lab)
  Harold (D:11)
  4 hydras
  2 centaur warriors
  A catoblepas (Lair:6)
  A merfolk avatar (Lair:6)
  Erica (D:13)
  The ghost of Sscchhmueptfter the Markscentaur, a novice CeHu of Okawaru (D:10)
  Urug (Lair:3)
  Sonja (D:10)
  A hell knight (Volcano)
  2 sea snakes (Lair:6)
  An unseen horror (D:12)
  2 hill giants (D:11)
  2 harpies (Lair:6)
  A lindwurm (Lair:3)
  Pikel (D:8)
  A cyclops (D:11)
  3 manticores
  26 elephants
  Psyche (D:10)
  5 black mambas
  A rime drake (Lair:6)
  8 spiny frogs
  A torpor snail (Lair:6)
  4 yaktaurs (D:13)
  A freezing wraith (D:13)
  13 komodo dragons
  4 trolls
  A harpy skeleton (D:12)
  7 polar bears
  Prince Ribbit (Lair:3)
  4 two-headed ogres
  27 blink frogs
  5 hornets
  16 hippogriffs
  7 slime creatures
  Sigmund (D:5)
  4 vampire mosquitoes (D:12)
  2 basilisks
  30 yaks
  6 fire bats (Volcano)
  3 hogs (D:8)
  A human (D:8)
  4 wyverns (Lair:6)
  A steam dragon (Lair:4)
  Menkaure (D:5)
  A mottled dragon (D:13)
  13 water moccasins
  7 nagas (Lair:4)
  12 porcupines
  A hornet zombie (D:9)
  2 hell hounds (Lair:5)
  5 sky beasts
  8 ice beasts
  7 orc warriors
  An eye of draining (D:11)
  2 black bears
  3 necrophages
  3 ogres
  A phantom (D:4)
  13 wolves
  10 centaurs
  15 crocodiles
  2 big kobolds
  13 bullfrogs
  A wyvern zombie (D:10)
  3 scorpions
  3 howler monkeys (D:11)
  8 lava snakes (Volcano)
  7 crimson imps
  2 centaur zombies
  7 hounds
  A bullfrog zombie (D:11)
  A quasit (D:8)
  Crazy Yiuf (D:5)
  A jelly (D:6)
  9 orc priests
  5 centaur skeletons
  4 bullfrog skeletons
  14 orc wizards
  An iguana (D:10)
  6 hell rats (Lair:6)
  6 worker ants
  A killer bee zombie (D:10)
  A big kobold zombie (Ossuary)
  A hound skeleton (D:10)
  8 mummies (Ossuary)
  3 worker ant zombies
  A gnoll (D:1)
  2 howler monkey skeletons
  15 adders
  A shadow imp (D:9)
  2 white imps (D:13)
  An ooze (D:1)
  An adder zombie (D:7)
  An adder skeleton (D:7)
  2 worms
  5 leopard geckos
  44 orcs
  5 giant cockroaches
  10 goblins
  10 hobgoblins
  4 jackals
  3 quokkas
  6 ball pythons
  6 bats
  5 frilled lizards
  A giant cockroach zombie (D:6)
  2 gnoll zombies (Ossuary)
  15 kobolds
  2 kobold zombies (Ossuary)
  A leopard gecko skeleton (D:4)
  3 orc zombies (Ossuary)
  5 rats
  3 fungi
  7 plants
590 creatures vanquished.

Vanquished Creatures (collateral kills)
  A hydra (Lair:2)
1 creature vanquished.

Vanquished Creatures (others)
  A slave (D:8)
  An adder (D:8)
  3 bushes
  17 fungi
  27 plants
49 creatures vanquished.

Grand Total: 640 creatures vanquished

Notes
Turn   | Place    | Note
-------+----------+-------------------------------------------
     0 | D:1      | MirrMurr the Minotaur Fighter began the quest for the Orb.
     0 | D:1      | Reached XP level 1. HP: 19/19 MP: 0/0
    72 | D:1      | Reached skill level 3 in Axes
    72 | D:1      | Reached XP level 2. HP: 20/27 MP: 1/1
   481 | D:1      | Reached XP level 3. HP: 33/33 MP: 2/2
   775 | D:1      | Reached skill level 4 in Axes
  1402 | D:2      | Reached XP level 4. HP: 40/40 MP: 3/3
  1808 | D:3      | Found a shadowy altar of Dithmenos.
  1842 | D:3      | Reached skill level 5 in Axes
  2251 | D:3      | Found a sacrificial altar of Ru.
  2269 | D:3      | Reached XP level 5. HP: 44/47 MP: 4/4
  2641 | D:3      | Reached skill level 5 in Fighting
  2707 | D:4      | Reached skill level 6 in Axes
  3111 | D:4      | Found a sparkling altar of Nemelex Xobeh.
  3111 | D:4      | Noticed an ice beast
  3224 | D:4      | Reached XP level 6. HP: 45/56 MP: 5/5
  3348 | D:4      | Reached skill level 7 in Axes
  3886 | D:5      | Entered Level 5 of the Dungeon
  4014 | D:5      | Noticed Menkaure
  4028 | D:5      | Killed Menkaure
  4028 | D:5      | Reached XP level 7. HP: 17/63 MP: 6/6
  4335 | D:5      | Reached skill level 8 in Axes
  4546 | D:5      | Noticed Sigmund
  4568 | D:5      | Killed Sigmund
  4568 | D:5      | Reached skill level 9 in Axes
  4948 | D:5      | Reached XP level 8. HP: 51/73 MP: 7/7
  5215 | D:5      | Found a runed door.
  5219 | D:5      | Noticed Crazy Yiuf
  5225 | D:5      | Killed Crazy Yiuf
  5464 | D:6      | Reached skill level 10 in Axes
  5482 | D:6      | Found a burning altar of Makhleb.
  5809 | D:6      | Found a staircase to the Ecumenical Temple.
  5815 | Temple   | Entered the Ecumenical Temple
  5826 | Temple   | Became a worshipper of Warmaster Okawaru
  6168 | D:7      | Reached skill level 11 in Axes
  6291 | D:7      | Found a bloodstained altar of Trog.
  6477 | D:7      | Found Iclon's Distillery.
  6486 | D:7      | Bought a potion of haste for 140 gold pieces
  6486 | D:7      | Bought a potion of mutation for 35 gold pieces
  6531 | D:7      | Found a sand-covered staircase.
  6539 | Ossuary  | Entered an ossuary
  6793 | Ossuary  | Reached XP level 9. HP: 62/82 MP: 8/8
  7556 | D:8      | Noticed Pikel
  7571 | D:8      | Killed Pikel
  7571 | D:8      | Reached * piety under Okawaru
  7571 | D:8      | Reached skill level 12 in Axes
  7571 | D:8      | Reached skill level 5 in Armour
  7946 | D:8      | Found a radiant altar of Vehumet.
  7953 | D:8      | Found a snail-covered altar of Cheibriados.
  8048 | D:8      | Found Taose's Book Shop.
  8125 | D:8      | Reached ** piety under Okawaru
  8139 | D:8      | Reached skill level 13 in Axes
  8151 | D:8      | Reached skill level 10 in Fighting
  8151 | D:8      | Reached XP level 10. HP: 55/93 MP: 9/9
  8340 | D:9      | Paralysed by a hornet for 1 turns
  8614 | D:9      | Reached *** piety under Okawaru
  9375 | D:10     | Entered Level 10 of the Dungeon
  9392 | D:10     | Reached skill level 14 in Axes
  9504 | D:10     | Noticed Snorg
  9504 | D:10     | Noticed Psyche
  9515 | D:10     | Killed Psyche
  9515 | D:10     | Reached **** piety under Okawaru
  9521 | D:10     | Killed Snorg
  9662 | D:10     | Noticed an eight-headed hydra
  9707 | D:10     | Noticed Sonja
  9901 | D:10     | Killed Sonja
  9901 | D:10     | Reached XP level 11. HP: 66/102 MP: 10/10
  9913 | D:10     | Noticed Sscchhmueptfter's ghost (novice CeHu)
 10275 | D:10     | Killed Sscchhmueptfter's ghost
 10275 | D:10     | Reached skill level 15 in Axes
 10299 | D:10     | Found a staircase to the Lair.
 10340 | D:10     | Killed a 17-headed hydra
 10913 | D:10     | Reached ***** piety under Okawaru
 10996 | D:11     | Noticed a hill giant
 11007 | D:11     | Killed a hill giant
 11041 | D:11     | Found a labyrinth entrance.
 11042 | D:11     | Noticed a hill giant
 11053 | D:11     | Killed a hill giant
 11070 | Lab      | Entered a labyrinth
 11333 | Lab      | Noticed a minotaur
 11347 | Lab      | Killed a minotaur
 11350 | Lab      | Got a heavily runed graven amulet
 11351 | Lab      | Identified the amulet "Puitsey" {Reflect Int+4 SH+2} (You found it in a labyrinth)
 11664 | D:11     | Reached skill level 10 in Armour
 11723 | D:11     | Noticed Harold
 11734 | D:11     | Killed Harold
 11734 | D:11     | Received a gift from Okawaru
 11734 | D:11     | Reached skill level 16 in Axes
 11763 | D:11     | Found a staircase to the Orcish Mines.
 12179 | Lair:1   | Entered Level 1 of the Lair of Beasts
 12393 | Lair:1   | Reached XP level 12. HP: 72/113 MP: 11/11
 12996 | Lair:1   | Received a gift from Okawaru
 13422 | Lair:2   | Reached skill level 17 in Axes
 13462 | Lair:2   | Noticed a six-headed hydra
 13464 | Lair:2   | Found a staircase to the Swamp.
 13493 | Lair:2   | Killed a six-headed hydra
 13886 | Lair:2   | Noticed a seven-headed hydra
 13893 | Lair:2   | Killed a seven-headed hydra
 13893 | Lair:2   | Reached skill level 1 in Dodging
 13893 | Lair:2   | Reached skill level 1 in Evocations
 14341 | Lair:3   | Noticed Urug
 14359 | Lair:3   | Killed Urug
 14521 | Lair:3   | Noticed Prince Ribbit
 14535 | Lair:3   | Killed Prince Ribbit
 14844 | Lair:3   | Reached ****** piety under Okawaru
 14844 | Lair:3   | Reached XP level 13. HP: 113/122 MP: 14/14
 14850 | Lair:3   | Received a gift from Okawaru
 14861 | Lair:3   | Got a warped executioner's axe {god gift}
 14874 | Lair:3   | Identified the +2 executioner's axe of Indomitability {freeze, +Blink Str+3 Dex+3} (Okawaru gifted it to you on level 3 of the Lair of Beasts)
 15774 | Lair:4   | Reached skill level 5 in Evocations
 16034 | Lair:4   | Found a staircase to the Snake Pit.
 16502 | Lair:5   | Received a gift from Okawaru
 16507 | Lair:5   | Got an ancient battleaxe {god gift}
 16508 | Lair:5   | Identified the +10 battleaxe of the Philosopher {chop, Int+3 Dex+7} (Okawaru gifted it to you on level 5 of the Lair of Beasts)
 16525 | Lair:5   | Found a dark tunnel.
 16531 | Volcano  | Entered a volcano
 16552 | Volcano  | Reached skill level 18 in Axes
 16797 | Volcano  | Reached skill level 5 in Dodging
 17086 | Volcano  | Found a burning altar of Makhleb.
 17114 | Volcano  | Found a radiant altar of Vehumet.
 18055 | Lair:6   | Entered Level 6 of the Lair of Beasts
 18070 | Lair:5   | Received a gift from Okawaru
 18123 | Lair:6   | Reached XP level 14. HP: 73/133 MP: 18/18
 19543 | Lair:6   | Received a gift from Okawaru
 20999 | D:13     | Noticed Erica
 21010 | D:13     | Killed Erica
 21048 | D:13     | Received a gift from Okawaru
 21160 | D:13     | Reached skill level 15 in Fighting
 21469 | D:13     | Killed from afar by an ogre mage

Skill      XL: |  1  2  3  4  5  6  7  8  9 10 11 12 13 14 |
---------------+-------------------------------------------+-----
Axes           | 3 4 5 6 7 9 11 13 14 16 17 18 | 18.8
Fighting       | 4 5 6 7 8 10 11 12 13 14 15 | 15.0
Armour         | 4 6 8 10 11 12 13 | 13.7
Dodging        | 2 5 8 |  8.0
Evocations     | 3 6 9 |  9.0
Shields        | |  3.6

Action                   |  1- 3 |  4- 6 |  7- 9 | 10-12 | 13-15 || total
-------------------------+-------+-------+-------+-------+-------++-------
Melee: War axe           |    77 |   105 |   267 |   298 |       ||   747
       Headbutt          |    12 |    12 |    38 |   103 |   142 ||   307
       Battleaxe         |       |       |       |   257 |   521 ||   778
 Fire: Blowgun           |       |       |       |     7 |       ||     7
Throw: Javelin           |     1 |       |       |       |       ||     1
Invok: Heroism           |       |       |       |     6 |     7 ||    13
Evoke: Wand              |       |       |       |     5 |       ||     5
       Lamp of fire      |       |       |       |     1 |     1 ||     2
       Fan of gales      |       |       |       |     1 |       ||     1
       Box of beasts     |       |       |       |     1 |       ||     1
       Disc of storms    |       |       |       |       |     1 ||     1
  Use: Scroll            |       |     9 |     9 |    11 |     8 ||    37
       Potion            |       |     1 |     3 |     7 |     4 ||    15
 Stab: Invisible         |       |       |       |       |     3 ||     3
  Eat: Chunk             |     2 |     8 |     7 |    19 |    20 ||    56
       Bread ration      |       |       |     1 |       |       ||     1
       Royal jelly       |       |       |     1 |       |       ||     1
       Fruit             |       |       |       |     3 |     1 ||     4
Armor: Scale mail        |    34 |    34 |    80 |    12 |       ||   160
       Plate armour      |       |       |       |   293 |   311 ||   604
Dodge: Dodged            |    21 |    24 |    44 |   150 |   280 ||   519
Block: Shield            |    34 |    46 |    97 |   200 |       ||   377
       Reflection        |       |       |     6 |     6 |    11 ||    23
       Other             |       |       |       |    30 |    96 ||   126
